[ AOE2 MATCH · #504910879 ]
UnrankedIncas vs Mongols
Player's team · WIN
Rival team · LOSS
[ REPLAY ANALYSIS · EXTRACTED FROM THE RECORDED GAME ]
Feudal
10:35
Castle
20:56
Imperial
—
| APM avg | 51.2 |
| APM peak | 83 |
| eAPM avg | 26.1 |
| Villagers / military | 104 / 53 |
Focus
⚔️ 39.5% · 🌾 60.5%
Archer ×47 · Unknown (2550) ×7 · Monk ×4 · Spearman ×2
Feudal
8:27
Castle
21:56
Imperial
—
| APM avg | 62.3 |
| APM peak | 110 |
| eAPM avg | 35.6 |
| Villagers / military | 69 / 49 |
Focus
⚔️ 69.2% · 🌾 30.8%
Cavalry Archer ×16 · Archer ×13 · Scout Cavalry ×12 · Mangonel ×6 · Knight ×2
Match map
Initial resources + every placement click. Lines = walls · curves = elevation contours. ◆ gold · ⬟ stone · ● berries · ✦ relic · ◌ wall gap
Your base· ✓ Closed at 20:56 · 42t walls · 1 gate(s)
Emu Warrior's base· Open — 3t gap
Smoothed initial terrain · ◌ = detected wall gap · hover for details
Inputs per minute
— NOC | shiXo.# - - Emu Warrior
Build order — NOC | shiXo.#
First 150 of 279 actions detected
| 0:00 | Create | Villager (Male) |
| 0:00 | Create | Villager (Male) |
| 0:01 | Build | House |
| 0:02 | Build | House |
| 0:27 | Create | Villager (Male) |
| 0:29 | Create | Villager (Male) |
| 1:20 | Build | Settlement |
| 1:37 | Create | Villager (Male) |
| 2:04 | Create | Villager (Male) |
| 2:27 | Create | Villager (Male) |
| 2:45 | Create | Villager (Male) |
| 3:19 | Create | Villager (Male) |
| 3:46 | Create | Villager (Male) |
| 4:04 | Create | Villager (Male) |
| 4:23 | Build | Barracks |
| 4:28 | Create | Villager (Male) |
| 4:57 | Create | Villager (Male) |
| 5:14 | Create | Villager (Male) |
| 5:16 | Create | Unit 2550 |
| 5:22 | Create | Unit 2550 |
| 5:47 | Create | Villager (Male) |
| 6:00 | Build | Settlement |
| 6:17 | Create | Villager (Male) |
| 6:37 | Create | Villager (Male) |
| 7:06 | Create | Villager (Male) |
| 7:20 | Create | Villager (Male) |
| 7:43 | Build | Settlement |
| 7:49 | Build | Farm |
| 7:56 | Research | Loom |
| 7:58 | Create | Villager (Male) |
| 8:25 | Research | Feudal Age |
| 8:34 | Build | Palisade Wall |
| 8:48 | Build | House |
| 8:50 | Build | Palisade Wall |
| 9:08 | Create | Unit 2550 |
| 9:19 | Create | Villager (Male) |
| 9:35 | Build | Palisade Wall |
| 9:53 | Create | Villager (Male) |
| 10:06 | Build | Palisade Wall |
| 10:18 | Build | Palisade Wall |
| 10:35 | Age | Feudal Age |
| 10:35 | Create | Spearman |
| 10:36 | Research | Tech 1402 |
| 10:38 | Research | Double-Bit Axe |
| 10:43 | Research | Horse Collar |
| 10:49 | Research | Horse Collar |
| 10:51 | Create | Villager (Male) |
| 11:01 | Build | Palisade Wall |
| 11:27 | Build | Palisade Wall |
| 11:30 | Create | Villager (Male) |
| 11:46 | Build | Archery Range |
| 11:50 | Create | Unit 2550 |
| 11:51 | Create | Villager (Male) |
| 11:56 | Build | Farm |
| 11:58 | Build | Farm |
| 12:08 | Create | Villager (Male) |
| 12:16 | Build | Palisade Wall |
| 12:19 | Build | Palisade Gate |
| 12:20 | Create | Villager (Male) |
| 12:24 | Build | Palisade Wall |
| 12:25 | Build | Palisade Wall |
| 12:26 | Build | Palisade Wall |
| 12:26 | Build | Palisade Wall |
| 12:27 | Build | Palisade Wall |
| 12:27 | Build | Palisade Wall |
| 12:34 | Create | Villager (Male) |
| 12:41 | Create | Archer |
| 12:54 | Build | Farm |
| 12:57 | Build | Farm |
| 12:59 | Create | Villager (Male) |
| 13:00 | Build | Farm |
| 13:05 | Create | Archer |
| 13:26 | Create | Villager (Male) |
| 13:31 | Create | Unit 2550 |
| 13:34 | Create | Archer |
| 13:52 | Build | Blacksmith |
| 14:02 | Research | Arson |
| 14:05 | Create | Archer |
| 14:12 | Create | Villager (Male) |
| 14:28 | Create | Villager (Male) |
| 14:30 | Build | Farm |
| 14:55 | Research | Fletching |
| 14:58 | Create | Villager (Male) |
| 15:05 | Create | Spearman |
| 15:10 | Create | Villager (Male) |
| 15:19 | Create | Villager (Male) |
| 15:20 | Build | Farm |
| 15:22 | Build | Farm |
| 15:23 | Build | Farm |
| 15:26 | Create | Villager (Male) |
| 15:32 | Create | Villager (Male) |
| 15:42 | Create | Villager (Male) |
| 15:46 | Build | Farm |
| 15:46 | Build | Farm |
| 15:50 | Build | Farm |
| 16:08 | Research | Scale Mail Armor |
| 16:08 | Research | Forging |
| 16:42 | Create | Archer |
| 16:54 | Build | Market |
| 17:02 | Build | House |
| 17:04 | Build | House |
| 17:21 | Create | Villager (Male) |
| 17:26 | Create | Archer |
| 17:31 | Build | Archery Range |
| 17:38 | Build | Farm |
| 17:49 | Build | House |
| 18:16 | Research | Castle Age |
| 18:35 | Build | House |
| 18:49 | Create | Archer |
| 18:49 | Create | Archer |
| 19:00 | Create | Villager (Male) |
| 19:06 | Create | Villager (Male) |
| 19:08 | Create | Archer |
| 19:08 | Create | Archer |
| 19:18 | Create | Villager (Male) |
| 19:21 | Research | Gold Mining |
| 19:25 | Build | Settlement |
| 19:40 | Create | Villager (Male) |
| 19:44 | Create | Archer |
| 19:44 | Create | Archer |
| 20:03 | Research | Padded Archer Armor |
| 20:08 | Build | Farm |
| 20:41 | Create | Villager (Male) |
| 20:56 | Age | Castle Age |
| 20:56 | Research | Crossbowman (upgrade) |
| 21:03 | Research | Bodkin Arrow |
| 21:12 | Build | Town Center |
| 21:16 | Create | Villager (Male) |
| 21:19 | Create | Archer |
| 21:20 | Create | Archer |
| 21:30 | Create | Villager (Male) |
| 21:44 | Research | Bow Saw |
| 21:49 | Create | Archer |
| 21:49 | Create | Archer |
| 21:50 | Create | Archer |
| 22:03 | Build | Farm |
| 22:05 | Build | Farm |
| 22:08 | Create | Villager (Male) |
| 22:12 | Create | Villager (Male) |
| 22:22 | Build | Stone Wall |
| 22:28 | Build | House |
| 22:30 | Build | House |
| 22:31 | Build | House |
| 22:31 | Build | House |
| 22:58 | Create | Villager (Male) |
| 23:00 | Create | Villager (Male) |
| 23:01 | Create | Villager (Male) |
| 23:04 | Create | Villager (Male) |
| 23:05 | Create | Villager (Male) |
| 23:06 | Create | Archer |
Build order — Emu Warrior
First 150 of 211 actions detected
| 0:00 | Create | Villager (Male) |
| 0:00 | Create | Villager (Male) |
| 0:00 | Create | Villager (Male) |
| 0:01 | Create | Villager (Male) |
| 0:01 | Create | Villager (Male) |
| 0:02 | Build | House |
| 0:03 | Build | House |
| 1:26 | Create | Villager (Male) |
| 1:46 | Create | Villager (Male) |
| 1:49 | Build | Mill |
| 2:22 | Create | Villager (Male) |
| 2:42 | Build | House |
| 2:48 | Create | Villager (Male) |
| 2:48 | Create | Villager (Male) |
| 2:53 | Build | House |
| 2:55 | Create | Villager (Male) |
| 2:56 | Create | Villager (Male) |
| 3:20 | Create | Villager (Male) |
| 3:20 | Create | Villager (Male) |
| 3:49 | Create | Villager (Male) |
| 3:59 | Create | Villager (Male) |
| 3:59 | Create | Villager (Male) |
| 4:28 | Create | Villager (Male) |
| 4:36 | Build | Lumber Camp |
| 4:51 | Create | Villager (Male) |
| 4:56 | Research | Loom |
| 5:53 | Build | House |
| 6:17 | Research | Feudal Age |
| 6:22 | Build | Palisade Wall |
| 6:37 | Create | Villager (Male) |
| 6:52 | Build | Palisade Wall |
| 6:53 | Build | Palisade Wall |
| 6:53 | Build | Palisade Wall |
| 7:13 | Create | Villager (Male) |
| 7:32 | Build | Barracks |
| 7:35 | Build | Palisade Wall |
| 7:54 | Build | Palisade Wall |
| 8:14 | Create | Villager (Male) |
| 8:26 | Build | Palisade Wall |
| 8:27 | Build | Palisade Wall |
| 8:27 | Age | Feudal Age |
| 8:28 | Build | Palisade Wall |
| 8:41 | Build | Stable |
| 8:47 | Create | Villager (Male) |
| 8:50 | Research | Double-Bit Axe |
| 9:01 | Build | House |
| 9:10 | Create | Villager (Male) |
| 9:12 | Build | Palisade Wall |
| 9:13 | Build | Palisade Wall |
| 9:21 | Create | Scout Cavalry |
| 9:22 | Create | Scout Cavalry |
| 9:47 | Build | Mill |
| 9:52 | Build | Palisade Wall |
| 9:53 | Build | Palisade Wall |
| 9:53 | Build | Palisade Wall |
| 9:54 | Build | Palisade Wall |
| 9:54 | Build | Palisade Wall |
| 9:55 | Build | Palisade Wall |
| 9:59 | Create | Villager (Male) |
| 10:16 | Create | Villager (Male) |
| 10:25 | Build | Farm |
| 10:26 | Build | Farm |
| 10:35 | Create | Scout Cavalry |
| 10:35 | Create | Scout Cavalry |
| 10:40 | Build | Farm |
| 10:53 | Build | Farm |
| 11:01 | Build | House |
| 11:04 | Build | Farm |
| 11:07 | Create | Scout Cavalry |
| 11:30 | Create | Villager (Male) |
| 11:33 | Build | Farm |
| 11:46 | Create | Villager (Male) |
| 11:47 | Build | Farm |
| 11:56 | Build | Farm |
| 12:06 | Create | Villager (Male) |
| 12:21 | Create | Villager (Male) |
| 12:27 | Create | Villager (Male) |
| 12:30 | Build | Archery Range |
| 12:54 | Build | Mining Camp |
| 13:05 | Build | House |
| 13:12 | Create | Villager (Male) |
| 13:13 | Create | Scout Cavalry |
| 13:15 | Build | Farm |
| 13:28 | Create | Archer |
| 13:32 | Build | Farm |
| 13:40 | Create | Scout Cavalry |
| 13:48 | Create | Villager (Male) |
| 13:52 | Build | House |
| 14:01 | Create | Archer |
| 14:02 | Create | Scout Cavalry |
| 14:02 | Create | Scout Cavalry |
| 14:15 | Create | Villager (Male) |
| 14:23 | Build | House |
| 14:30 | Create | Archer |
| 14:37 | Build | Blacksmith |
| 14:41 | Create | Scout Cavalry |
| 14:49 | Research | Town Watch |
| 14:49 | Research | Town Watch |
| 15:00 | Build | House |
| 15:03 | Create | Villager (Male) |
| 15:05 | Build | Farm |
| 15:13 | Create | Archer |
| 15:30 | Research | Fletching |
| 15:34 | Build | House |
| 15:39 | Create | Villager (Male) |
| 15:46 | Create | Archer |
| 16:00 | Build | House |
| 16:03 | Create | Villager (Male) |
| 16:33 | Create | Villager (Male) |
| 16:39 | Create | Villager (Male) |
| 16:42 | Build | Farm |
| 16:53 | Create | Archer |
| 17:00 | Create | Scout Cavalry |
| 17:01 | Create | Scout Cavalry |
| 17:03 | Create | Villager (Male) |
| 17:07 | Build | Farm |
| 17:09 | Build | Farm |
| 17:10 | Build | Farm |
| 17:15 | Build | Farm |
| 17:17 | Create | Archer |
| 17:31 | Build | Market |
| 17:32 | Build | Palisade Wall |
| 17:41 | Create | Villager (Male) |
| 17:43 | Build | House |
| 17:46 | Create | Archer |
| 18:17 | Create | Villager (Male) |
| 18:25 | Create | Villager (Male) |
| 19:11 | Create | Archer |
| 19:16 | Research | Castle Age |
| 19:16 | Research | Castle Age |
| 19:36 | Research | Horse Collar |
| 19:45 | Create | Archer |
| 19:49 | Build | House |
| 20:41 | Create | Villager (Male) |
| 20:50 | Create | Archer |
| 21:07 | Build | Farm |
| 21:21 | Research | Scale Barding Armor |
| 21:24 | Create | Archer |
| 21:34 | Build | Stable |
| 21:37 | Research | Bloodlines |
| 21:42 | Build | Lumber Camp |
| 21:56 | Age | Castle Age |
| 21:58 | Research | Bodkin Arrow |
| 22:07 | Research | Crossbowman (upgrade) |
| 22:16 | Create | Villager (Male) |
| 22:39 | Build | Palisade Wall |
| 23:03 | Create | Villager (Male) |
| 23:07 | Create | Archer |
| 23:44 | Create | Villager (Male) |
| 23:47 | Create | Villager (Male) |
Match timeline
| 4:23 | NOC | shiXo.# · first_building Barracks |
| 6:22 | Emu Warrior · wall_segment Palisade Wall x4 |
| 6:52 | Emu Warrior · wall_segment Palisade Wall x1 |
| 6:53 | Emu Warrior · wall_segment Palisade Wall x1 |
| 6:53 | Emu Warrior · wall_segment Palisade Wall x1 |
| 7:32 | Emu Warrior · first_building Barracks |
| 7:35 | Emu Warrior · wall_segment Palisade Wall x3 |
| 7:54 | Emu Warrior · wall_segment Palisade Wall x9 |
| 8:26 | Emu Warrior · wall_segment Palisade Wall x1 |
| 8:27 | Emu Warrior · age_up feudal |
| 8:27 | Emu Warrior · wall_segment Palisade Wall x1 |
| 8:28 | Emu Warrior · wall_segment Palisade Wall x1 |
| 8:34 | NOC | shiXo.# · wall_segment Palisade Wall x3 |
| 8:41 | Emu Warrior · first_building Stable |
| 8:50 | NOC | shiXo.# · wall_segment Palisade Wall x12 |
| 9:12 | Emu Warrior · wall_segment Palisade Wall x1 |
| 9:13 | Emu Warrior · wall_segment Palisade Wall x1 |
| 9:35 | NOC | shiXo.# · wall_segment Palisade Wall x5 |
| 9:52 | Emu Warrior · wall_segment Palisade Wall x4 |
| 9:53 | Emu Warrior · wall_segment Palisade Wall x1 |
| 9:53 | Emu Warrior · wall_segment Palisade Wall x1 |
| 9:54 | Emu Warrior · wall_segment Palisade Wall x1 |
| 9:54 | Emu Warrior · wall_segment Palisade Wall x1 |
| 9:55 | Emu Warrior · wall_segment Palisade Wall x1 |
| 10:06 | NOC | shiXo.# · wall_segment Palisade Wall x9 |
| 10:18 | NOC | shiXo.# · wall_segment Palisade Wall x1 |
| 10:35 | NOC | shiXo.# · age_up feudal |
| 11:01 | NOC | shiXo.# · wall_segment Palisade Wall x1 |
| 11:27 | NOC | shiXo.# · wall_segment Palisade Wall x1 |
| 11:46 | NOC | shiXo.# · first_building Archery Range |
| 12:16 | NOC | shiXo.# · wall_segment Palisade Wall x4 |
| 12:24 | NOC | shiXo.# · wall_segment Palisade Wall x1 |
| 12:25 | NOC | shiXo.# · wall_segment Palisade Wall x1 |
| 12:26 | NOC | shiXo.# · wall_segment Palisade Wall x1 |
| 12:26 | NOC | shiXo.# · wall_segment Palisade Wall x1 |
| 12:27 | NOC | shiXo.# · wall_segment Palisade Wall x1 |
| 12:27 | NOC | shiXo.# · wall_segment Palisade Wall x1 |
| 12:30 | Emu Warrior · first_building Archery Range |
| 17:32 | Emu Warrior · wall_segment Palisade Wall x1 |
| 18:11 | NOC | shiXo.# · first_market_sell 100 wood |
| 18:12 | NOC | shiXo.# · first_market_buy 100 food |
| 18:59 | Emu Warrior · first_market_sell 500 wood |
| 19:01 | Emu Warrior · first_market_buy 100 food |
| 20:56 | NOC | shiXo.# · age_up castle |
| 21:56 | Emu Warrior · age_up castle |
| 22:22 | NOC | shiXo.# · wall_segment Stone Wall x9 |
| 22:39 | Emu Warrior · wall_segment Palisade Wall x1 |
| 24:28 | Emu Warrior · wall_segment Palisade Wall x1 |
| 25:08 | NOC | shiXo.# · first_building Monastery |
| 26:02 | NOC | shiXo.# · wall_segment Palisade Wall x1 |
| 26:17 | NOC | shiXo.# · wall_segment Palisade Wall x1 |
| 26:25 | Emu Warrior · first_building Siege Workshop |
| 31:15 | Emu Warrior · resign |
[ AI ANALYSIS · 1 CREDIT ]
What really happened in this match?
Wolo.gg analyzes every decision: build order, eco, micro, common mistakes by bracket. Personalized analysis on WhatsApp or Discord in 30 seconds.
Civ guide
Incas
Perfil
Jugador #1137086